 Dungeon Crawl Stone Soup version 0.29.0-10-g45618ea6d2 (webtiles) character file.

Game seed: 6106443670725095533

120942 iguanaiguana the Severer (level 16, -8/149 HPs)
             Began as a Minotaur Fighter on Sept 2, 2022.
             Was an Initiate of Gozag.
             Killed by the air
             ... invoked by a spriggan air mage
              (14 damage)
             ... on level 4 of the Swamp.
             The game lasted 00:48:27 (29257 turns).

iguanaiguana the Severer (Minotaur Fighter)        Turns: 29257, Time: 00:48:28

Health: -8/149     AC: 40    Str: 31    XL:     16   Next: 31%
Magic:  15/15      EV:  9    Int: 11    God:    Gozag
Gold:   3658       SH: 26    Dex: 17    Spells: 15/15 levels left

rFire   + . .      SeeInvis .   a - +5 trident of Pisamp {vamp, rPois Will+ Str-2 Int+6}
rCold   + . .      Faith    .   R - +1 tower shield
rNeg    + . .      Spirit   .   P - +15 plate armour of Impressiveness {rN+ Dex+5}
rPois   +          Reflect  +   (helmet restricted)
rElec   .          Harm     .   J - scarf {rC+ rF+}
rCorr   .          Rampage  .   o - +2 pair of gloves
Will    ++...                   n - +2 pair of boots {Fly}
Stlth   ..........              f - amulet of reflection
HPRegen 0.34/turn               t - +4 ring of protection
MPRegen 0.14/turn               L - +6 ring of strength

@: flying
A: horns 2, retaliatory headbutt, screaming 1
a: Renounce Religion, Potion Petition, Call Merchant, Bribe Branch


You were on level 4 of the Swamp.
You worshipped Gozag.
Gozag was most pleased with you.
You visited 5 branches of the dungeon, and saw 27 of its levels.
You visited the Abyss 1 time.

You collected 7573 gold pieces.
You spent 2065 gold pieces at shops.
You paid 1850 gold pieces to Gozag.

Inventory:

Hand Weapons
 a - the +5 trident of Pisamp (weapon) {vamp, rPois Will+ Str-2 Int+6}
   (You found it on level 3 of the Swamp)

   It occasionally heals its wielder for a portion of the damage dealt when it
   wounds a living foe.
   Str:       It affects your strength (-2).
   Int:       It affects your intelligence (+6).
   rPois:     It protects you from poison.
   Will:      It increases your willpower.
 b - a +3 vampiric war axe
Missiles
 c - 6 javelins
 H - 39 poisoned darts
 I - 10 boomerangs
 Q - 5 silver boomerangs (quivered)
 Z - a throwing net
Armour
 n - a +2 pair of boots of flying (worn)
 o - a +2 pair of gloves (worn)
 J - a scarf of resistance (worn)
 P - the +15 plate armour of Impressiveness (worn) {rN+ Dex+5}
   (You bought it in a shop on level 7 of the Dungeon)

   Dex:       It affects your dexterity (+5).
   rN:        It protects you from negative energy.
 R - a +1 tower shield (worn)
Jewellery
 f - an amulet of reflection (around neck)
 t - a +4 ring of protection (left hand)
 G - a ring of willpower
 L - a +6 ring of strength (right hand)
 U - a ring of protection from cold
Wands
 d - a wand of polymorph (33)
 y - a wand of digging (5) {@v3}
 z - a wand of iceblast (4) {@v2}
 D - a wand of flame (37)
 M - a wand of charming (17)
Scrolls
 h - 5 scrolls of vulnerability
 i - 2 scrolls of blinking {@r4}
 j - 3 scrolls of fog
 k - 6 scrolls of enchant weapon
 l - 3 scrolls of poison
 p - a scroll of amnesia
 q - 4 scrolls of identify {@r1}
 r - 7 scrolls of magic mapping {@r5}
 x - 2 scrolls of fear
 A - a scroll of brand weapon
 K - a scroll of silence
 T - 3 scrolls of teleportation {@r3}
 W - a scroll of torment {unknown}
 Y - a scroll of immolation
Potions
 e - 2 potions of ambrosia {unknown}
 g - 6 potions of curing {@q1}
 m - 9 potions of attraction
 s - a potion of magic
 u - a potion of might {@q3}
 B - 3 potions of brilliance {unknown}
 F - a potion of heal wounds {@q2}
 N - 2 potions of mutation {unknown}
 X - a potion of resistance {unknown}
Miscellaneous
 V - a lightning rod (4/4)


   Skills:
 + Level 15.1 Fighting
 - Level 18.0(18.5) Axes
 - Level 7.8(14.0) Polearms
 + Level 12.1 Throwing
 + Level 10.2 Armour
 - Level 6.0 Dodging
 + Level 16.1 Shields
 + Level 8.1 Evocations


You had 15 spell levels left.
You didn't know any spells.
Your spell library contained the following spells:

 Spells                   Type           Power      Damage    Failure   Level
 Slow                     Hex            0%         N/A       100%        1
 Confusing Touch          Hex            0%         N/A       100%        3
 Dazzling Flash           Conj/Hex       0%         N/A       100%        3
 Vampiric Draining        Necr           0%         2d6       100%        3
 Cause Fear               Hex            0%         N/A       100%        4
 Passage of Golubria      Tloc           0%         N/A       100%        4
 Agony                    Necr           0%         N/A       100%        5
 Silence                  Hex/Air        0%         N/A       100%        5
 Dragon Form              Tmut           0%         N/A       100%        7
 Lehudib's Crystal Spear  Conj/Erth      0%         10d2      100%        8
 Dragon's Call            Summ           0%         N/A       100%        9


Dungeon Overview and Level Annotations

Branches:
Dungeon (15/15) Zot: 24681  Temple (1/1) D:4 Zot: 5783    Lair (5/5) D:10 Zot: 22308
  Swamp (4/4) Lair:2 Zot: 22532   Snake (0/4) Lair:2        Slime (0/5) Lair:4
    Orc (2/2) D:11 Zot: 10420     Elf (0/3) Orc:2        Vaults (0/5) D:14
 Depths (0/4) D:15

Altars:
Ashenzari
Cheibriados
Dithmenos
Elyvilon
Fedhas
Gozag
Hepliaklqana
Kikubaaqudgha
Makhleb
Nemelex Xobeh
Okawaru
Qazlal
Ru
Sif Muna
Trog
Uskayaw
Vehumet
Wu Jian
Xom
Yredelemnul
Zin
The Shining One
Jiyva

Shops:
D:7 [[   D:8 (   D:9 *   D:13 ?   Orc:1 :   Orc:2 *:([

Annotations:
D:9 1 exclusion
D:13 1 runed translucent door, Xeymp's ghost, journeyman SpEn
D:14 exclusion: downstairs
Lair:3 exclusion: downstairs
Lair:5 exclusion: obsidian statue


Innate Abilities, Weirdness & Mutations

You have a pair of horns on your head.
You reflexively headbutt those who attack you in melee.
You occasionally shout uncontrollably at your foes.


Message History

You closely miss the spriggan air mage.
The spriggan air mage is heavily wounded.
You barely miss the spriggan air mage.
The spriggan air mage is heavily wounded.
The swamp dragon roars deafeningly!
You hit the spriggan air mage but do no damage.
The spriggan air mage is heavily wounded.
You completely miss the spriggan air mage.
The spriggan air mage is heavily wounded.
You puncture the spriggan air mage!
You feel better.
The spriggan air mage is severely wounded.
You barely miss the spriggan air mage.
The spriggan air mage is severely wounded.
You miss the spriggan air mage.
The spriggan air mage is severely wounded.
The spriggan air mage gestures at you while chanting.
The bolt of lightning hits you!!
* * * LOW HITPOINT WARNING * * *
The spriggan druid calls out to the beasts of the wild!
A swamp worm comes into view.
The spriggan air mage waves its arms in wide circles.
The air twists around and strikes you.
The spriggan druid drinks a potion.
The spriggan druid flickers and vanishes!
Deactivating autopickup; reactivate with Ctrl-A.
The spriggan air mage points at you and mumbles some strange words.
The bolt of lightning hits you!!
* * * LOW HITPOINT WARNING * * *
The swamp dragon attacks as you move away!
The swamp worm fires a harpoon shot at you.
The harpoon shot reflects off an invisible shield around you!
The harpoon shot hits the swamp worm!
The spriggan air mage points at you and mumbles some strange words.
The bolt of lightning hits you!!!
* * * LOW HITPOINT WARNING * * *
The swamp dragon breathes poison at you.
There is an escape hatch in the ceiling here.
The spriggan air mage waves its arms in wide circles.
The air twists around and strikes you!
You die...
Your body crumbles into a pile of gold.

♣..~~~........♣ ♣~..♣
♣♣..~~.~♣♣♣♣♣♣♣ ♣.~~~
♣♣♣~.~~~♣♣ ♣♣.~~.
♣<~~~~.♣♣ ♣~....
♣))~~~..♣
.♣♣~~~~♣♣♣♣♣♣♣)...~(♣
~~~~~~☼♣§...♣♣♣.~.~.♣
~~~~~☼§☼♣§~....)♣...♣
..~~~~§@☼$~~~~~~..~♣♣
~~~~~~§§☼~~$$~~~.♣.♣
~~~w~{~D○~~~~~~~♣♣♣♣
~~~~~~~~i~~...~§♣
...~§~~~~~~~♣♣♣♣♣
♣~~..~~....♣♣
♣♣♣♣♣..~~♣♣♣ .~♣♣♣♣♣
~~~


You could see a swamp dragon, a spriggan air mage (repels missiles) and a swamp
worm.

Vanquished Creatures
  Rupert (D:14)
  Jorgrun (Swamp:1)
  2 tentacled starspawn (Abyss:4)
  Kirke (D:15)
  Gastronok (D:12)
  A fenstrider witch (Swamp:2)
  An orc warlord (Orc:2)
  A reaper (Abyss:4)
  3 eleionomae
  A bunyip (Swamp:3)
  4 dire elephants (Lair:5)
  Snorg (D:11)
  Fannar (D:11)
  A boulder beetle (Lair:2)
  2 ice dragons (D:15)
  2 centaur warriors
  3 ghost crabs
  13 hydras
  3 catoblepae
  6 two-headed ogres
  A death knight (D:13)
  2 alligators
  9 death yaks
  An orc high priest (Orc:2)
  A thrashing horror (Swamp:3)
  9 spriggans
  2 wretched stars
  A fire crab (Lair:3)
  5 skeletal warriors
  2 spriggan druids
  3 spectral death yaks (Lair:5)
  A goliath frog (Swamp:2)
  A spectral anaconda (Lair:5)
  3 swamp dragons
  5 bog bodies
  2 wizards
  3 necromancers (Lair:5)
  6 orc knights
  A wolf spider (Lair:1)
  10 ugly things
  4 will-o-the-wisps
  4 cyclopes
  5 orc sorcerers
  2 dire elephant zombies (Lair:5)
  2 manticores (D:15)
  A black mamba (shapeshifter) (D:13)
  7 elephants
  5 black mambas
  2 gargoyles
  A smoke demon (Abyss:5)
  2 orange demons (Swamp:4)
  16 cane toads
  2 unseen horrors
  A hellion (Abyss:5)
  3 yaktaurs (D:15)
  5 rime drakes
  7 komodo dragons
  A freezing wraith (D:13)
  9 trolls
  3 meliai (D:15)
  3 polar bears (Lair:2)
  8 hornets
  8 tyrant leeches
  15 slime creatures
  3 blink frogs
  3 large abominations
  14 dream sheep
  Sigmund (D:2)
  2 shadows
  3 water elementals (Abyss:5)
  A vampire (D:10)
  4 wraiths
  3 fire elementals (Abyss:5)
  23 yaks
  16 humans
  4 wyverns
  A hog (D:15)
  13 vampire mosquitoes
  2 basilisks
  2 nagas (Lair:2)
  3 spectral cane toads (Lair:5)
  4 acid dragons
  8 wargs
  10 swamp worms
  9 water moccasins
  Duvessa (D:6)
  A meliai simulacrum (D:15)
  2 black bears (D:6)
  3 sky beasts
  26 orc warriors
  An ice beast (D:8)
  6 ogres
  5 centaurs
  A phantom (D:4)
  A kobold brigand (D:9)
  9 bullfrogs
  A necrophage (D:4)
  4 scorpions (D:5)
  2 cane toad simulacra (Lair:5)
  5 wights (D:9)
  Dowan (D:6)
  An elephant simulacrum (Lair:5)
  2 howler monkeys
  An electric eel (Lair:2)
  4 hounds
  2 jellies (D:6)
  12 orc priests
  2 gnoll boudas
  7 iguanas
  Jessica (D:2)
  22 orc wizards
  5 hell rats
  10 gnolls
  10 adders
  A shadow imp (D:8)
  3 white imps
  2 ufetubi
  2 worms
  2 dart slugs
  60 orcs
  9 endoplasms
  3 giant cockroaches
  9 goblins
  7 hobgoblins
  3 quokkas
  3 ball pythons
  4 bats
  3 frilled lizards
  10 kobolds
  6 rats
  6 starspawn tentacles (Abyss:4)
643 creatures vanquished.

Vanquished Creatures (others)
  A spriggan (Swamp:4)
  A spriggan druid (Swamp:2)
  A will-o-the-wisp (Swamp:4)
  A bloated husk (Swamp:4)
  A hornet (Swamp:4)
  A water elemental (Abyss:5)
  A human (D:14)
  A swamp worm (Swamp:2)
  An orc wizard (D:5)
  38 foxfires
  49 fungi
  73 plants
  4 starspawn tentacles (Abyss:4)
  19 withered plants (Lair:5)
192 creatures vanquished.

Grand Total: 835 creatures vanquished

Notes
Turn   | Place    | Note
-------+----------+-------------------------------------------
     0 | D:1      | iguanaiguana the Minotaur Fighter began the quest for the
                  | Orb.
     0 | D:1      | Reached XP level 1. HP: 19/19 MP: 0/0
   373 | D:1      | Reached XP level 2. HP: 22/27 MP: 1/1
   472 | D:1      | Reached skill level 3 in Axes
  1035 | D:2      | Noticed Sigmund
  1035 | D:2      | Found a broken altar of Ashenzari.
  1047 | D:2      | Killed Sigmund
  1048 | D:2      | Reached skill level 4 in Axes
  1048 | D:2      | Reached XP level 3. HP: 7/34 MP: 2/2
  1048 | D:2      | Reached XP level 4. HP: 8/41 MP: 3/3
  1048 | D:2      | Reached XP level 5. HP: 9/47 MP: 4/4
  1433 | D:2      | Noticed Jessica
  1443 | D:2      | Killed Jessica
  1444 | D:2      | Reached skill level 5 in Axes
  2044 | D:3      | Found a faded altar of an unknown god.
  2335 | D:3      | Reached XP level 6. HP: 36/55 MP: 5/5
  2727 | D:3      | Found a stormy altar of Qazlal.
  2731 | D:3      | Found a white marble altar of Elyvilon.
  2736 | D:3      | Found an ancient bone altar of Kikubaaqudgha.
  2902 | D:4      | Reached skill level 5 in Armour
  2956 | D:4      | Reached skill level 5 in Shields
  3052 | D:4      | Reached skill level 5 in Fighting
  3149 | D:4      | Identified the +6 quarterstaff of Ashenzari's Esteem
                  | {freeze, Fly Will+ Str+2}
  3179 | D:4      | Reached skill level 6 in Axes
  3257 | D:4      | Found a staircase to the Ecumenical Temple.
  3355 | D:4      | Found a glowing silver altar of Zin.
  3387 | Temple   | Entered the Ecumenical Temple
  3575 | Temple   | Became a worshipper of Gozag Ym Sagoz the Greedy
  3731 | D:5      | Entered Level 5 of the Dungeon
  3769 | D:5      | Reached XP level 7. HP: 56/61 MP: 6/6
  4193 | D:5      | Found a sacrificial altar of Ru.
  4267 | D:5      | Reached skill level 7 in Axes
  4722 | D:5      | Reached XP level 8. HP: 61/70 MP: 7/7
  5196 | D:6      | Found the +4 robe of Augmentation {Str+4 Int+4 Dex+4}
  5205 | D:6      | Reached skill level 8 in Axes
  5255 | D:6      | Found a broken altar of Ashenzari.
  5579 | D:6      | Noticed Dowan
  5579 | D:6      | Noticed Duvessa
  5604 | D:6      | Killed Duvessa
  5624 | D:6      | Killed Dowan
  5625 | D:6      | Reached skill level 9 in Axes
  5818 | D:6      | Found a radiant altar of Vehumet.
  6011 | D:7      | Reached XP level 9. HP: 69/79 MP: 8/8
  6669 | D:7      | Found Yruacw's Antique Armour Shoppe.
  6699 | D:7      | Reached skill level 10 in Axes
  6896 | D:7      | Found Aptiobus's Armour Boutique.
  7285 | D:8      | Found a hide-covered altar of Uskayaw.
  7286 | D:8      | Found a hazy altar of Hepliaklqana.
  7289 | D:8      | Found a bloodstained altar of Trog.
  7289 | D:8      | Found a basalt altar of Yredelemnul.
  7538 | D:7      | Reached skill level 11 in Axes
  7803 | D:8      | Found an iron altar of Okawaru.
  7871 | D:8      | Paralysed by a hornet for 3 turns
  8430 | D:8      | Found Saefip's Antique Weapon Shoppe.
  8474 | D:8      | Reached XP level 10. HP: 90/90 MP: 9/9
  9212 | D:9      | Noticed a two-headed ogre
  9221 | D:9      | Killed a two-headed ogre
  9222 | D:9      | Reached skill level 12 in Axes
  9437 | D:9      | Noticed a two-headed ogre
  9447 | D:9      | Killed a two-headed ogre
  9448 | D:9      | Reached skill level 1 in Throwing
  9448 | D:9      | Reached skill level 1 in Evocations
  9753 | D:9      | Noticed a two-headed ogre
  9792 | D:10     | Entered Level 10 of the Dungeon
  9792 | D:10     | Noticed a two-headed ogre
  9801 | D:9      | Noticed a two-headed ogre
  9818 | D:9      | Killed a two-headed ogre
  9896 | D:9      | Noticed a cyclops
 10131 | D:9      | Found Tonogul's General Store.
 10134 | D:9      | Bought a potion of heal wounds for 75 gold pieces
 10234 | D:9      | Killed a two-headed ogre
 10235 | D:9      | Reached skill level 13 in Axes
 10876 | D:10     | Killed a two-headed ogre
 10877 | D:10     | Reached skill level 10 in Armour
 10877 | D:10     | Reached XP level 11. HP: 57/99 MP: 10/10
 11305 | D:10     | Found a burning altar of Makhleb.
 11404 | D:10     | Identified the +6 dagger of the Thing {pain, Dex+3}
 11440 | D:10     | Reached skill level 10 in Fighting
 11473 | D:10     | Found a staircase to the Lair.
 12234 | D:11     | Noticed Fannar
 12302 | Lair:1   | Entered Level 1 of the Lair of Beasts
 12411 | Lair:1   | Noticed a wolf spider
 12420 | Lair:1   | Killed a wolf spider
 12491 | Lair:1   | Reached skill level 14 in Axes
 12707 | Lair:1   | Noticed an eight-headed hydra
 12714 | Lair:1   | Killed an eight-headed hydra
 13541 | Lair:2   | Noticed a death yak
 13553 | Lair:1   | Reached skill level 5 in Throwing
 13972 | Lair:2   | Found a staircase to the Swamp.
 13972 | Lair:2   | Noticed a death yak
 13973 | Lair:2   | Noticed a death yak
 13990 | Lair:2   | Reached skill level 1 in Dodging
 13990 | Lair:2   | Reached XP level 12. HP: 110/110 MP: 11/11
 14002 | Lair:2   | Killed a death yak
 14260 | Lair:2   | Reached skill level 15 in Axes
 14555 | Lair:2   | Killed a death yak
 14560 | Lair:2   | Killed a death yak
 14561 | Lair:2   | Reached skill level 5 in Evocations
 14578 | Lair:2   | Noticed a boulder beetle
 14602 | Lair:2   | Killed a boulder beetle
 14911 | Lair:2   | Found a staircase to the Snake Pit.
 14912 | Lair:2   | Identified the +6 plate armour "Kassiag" {rF+ rCorr}
 15219 | D:7      | Bought the +15 plate armour of Impressiveness {rN+ Dex+5}
                  | for 1135 gold pieces
 15337 | Lair:3   | Noticed a five-headed hydra
 15346 | Lair:3   | Killed a five-headed hydra
 15713 | Lair:3   | Noticed a seven-headed hydra
 16448 | Lair:3   | Noticed a catoblepas
 16488 | Lair:3   | Killed a catoblepas
 16496 | Lair:3   | Reached skill level 10 in Shields
 16887 | Lair:3   | Killed a seven-headed hydra
 17076 | Lair:4   | Noticed a five-headed hydra
 17076 | Lair:4   | Noticed a four-headed hydra
 17082 | Lair:3   | Reached XP level 13. HP: 109/117 MP: 12/12
 17226 | Lair:4   | Reached skill level 16 in Axes
 17874 | Lair:4   | Found a staircase to the Slime Pits.
 17877 | Lair:4   | Found a viscous altar of Jiyva.
 18388 | Lair:5   | Entered Level 5 of the Lair of Beasts
 18565 | Lair:5   | Reached skill level 5 in Dodging
 18924 | Lair:5   | Noticed a dire elephant
 18952 | Lair:5   | Killed a dire elephant
 18955 | Lair:5   | Noticed a dire elephant
 18972 | Lair:5   | Killed a dire elephant
 19488 | Lair:5   | Noticed a dire elephant
 19490 | Lair:5   | Identified the +1 war axe of Ambiguity {vorpal, Stlth+}
 19491 | Lair:5   | Noticed a dire elephant
 19493 | Lair:5   | Identified the +4 scimitar "Exev" {elec, rCorr Dex+3}
 19772 | Lair:5   | Reached XP level 14. HP: 127/127 MP: 13/13
 19798 | Lair:5   | Reached skill level 17 in Axes
 20501 | D:11     | Found a staircase to the Orcish Mines.
 20598 | D:11     | Killed Fannar
 20933 | D:11     | Noticed Snorg
 20940 | D:11     | Killed Snorg
 21295 | Orc:1    | Entered Level 1 of the Orcish Mines
 21417 | Orc:1    | Found Voemufep's Book Shop.
 21595 | Orc:2    | Entered Level 2 of the Orcish Mines
 21595 | Orc:2    | Found Esuedej's Book Shop.
 21598 | Orc:2    | Noticed an orc warlord
 21616 | Orc:2    | Paralysed by an orc sorcerer for 2 turns
 21738 | Orc:2    | Gained mutation: You occasionally shout uncontrollably at
                  | your foes. [a neqoxec]
 21950 | Orc:2    | Found Docaw's Antique Armour Shoppe.
 22029 | Orc:2    | Bought a pair of glowing gloves for 247 gold pieces
 22068 | Orc:2    | Found Lunuogh's Antique Weapon Shop.
 22096 | Orc:2    | Reached skill level 10 in Throwing
 22100 | Orc:2    | Found a staircase to the Elven Halls.
 22124 | Orc:2    | Found Uwkyecoh's General Store.
 22201 | Orc:2    | Bought a scroll of magic mapping for 120 gold pieces
 22201 | Orc:2    | Bought a scroll of poison for 64 gold pieces
 22201 | Orc:2    | Bought a potion of curing for 48 gold pieces
 22254 | Orc:2    | Killed an orc warlord
 23631 | D:12     | Noticed Gastronok
 23668 | D:12     | Killed Gastronok
 24409 | D:13     | Reached skill level 18 in Axes
 24758 | D:13     | Found a runed translucent door.
 24758 | D:13     | Found a shimmering altar of Xom.
 24758 | D:13     | Noticed Xeymp's ghost (journeyman SpEn)
 24761 | D:13     | Found Biwkiddi's Magic Scroll Boutique.
 24769 | D:13     | Bought a scroll of immolation for 52 gold pieces
 24769 | D:13     | Bought a scroll of fear for 52 gold pieces
 24769 | D:13     | Bought a scroll of teleportation for 39 gold pieces
 24769 | D:13     | Bought a scroll of blinking for 97 gold pieces
 24769 | D:13     | Bought a scroll of teleportation for 39 gold pieces
 24769 | D:13     | Bought a scroll of enchant weapon for 97 gold pieces
 24816 | D:14     | Noticed Rupert
 24816 | D:14     | Found a gate to the Vaults.
 24951 | D:14     | Reached XP level 15. HP: 136/136 MP: 14/14
 24996 | D:14     | You are sucked into a shaft and drop 1 floor!
 24996 | D:15     | Entered Level 15 of the Dungeon
 25869 | D:15     | Noticed Kirke
 25881 | D:15     | Killed Kirke
 26061 | D:15     | Found a staircase to the Depths.
 26441 | D:15     | Found a sacrificial altar of Ru.
 26654 | D:14     | Killed Rupert
 26708 | Abyss:2  | Cast into level 2 of the Abyss (orc knight)
 26781 | Abyss:4  | Noticed a tentacled starspawn
 26800 | Abyss:4  | Killed a tentacled starspawn
 26801 | Abyss:4  | Noticed a tentacled starspawn
 26808 | Abyss:4  | Killed a tentacled starspawn
 26827 | Abyss:5  | Found a corrupted altar of Lugonu.
 27021 | Abyss:5  | Noticed a bone dragon
 27038 | D:14     | Escaped the Abyss
 27046 | D:14     | Reached skill level 15 in Shields
 27708 | Swamp:1  | Entered Level 1 of the Swamp
 27724 | Swamp:1  | Identified the +10 quarterstaff "Ruraod" {vamp, rN++}
 27758 | Swamp:1  | Noticed Jorgrun
 27771 | Swamp:1  | Killed Jorgrun
 28187 | Swamp:2  | Noticed a fenstrider witch
 28206 | Swamp:2  | Killed a fenstrider witch
 28500 | Swamp:3  | Identified the +5 trident of Pisamp {vamp, rPois Will+
                  | Str-2 Int+6}
 28550 | Swamp:3  | Reached skill level 15 in Fighting
 28564 | Swamp:4  | Entered Level 4 of the Swamp
 28577 | Swamp:4  | Reached skill level 1 in Polearms
 28635 | Swamp:3  | Reached XP level 16. HP: 133/149 MP: 15/15
 28664 | Swamp:3  | Reached skill level 5 in Polearms
 29256 | Swamp:4  | HP: 6/149 [spriggan air mage/bolt of lightning (41)]
 29257 | Swamp:4  | Killed from afar by a spriggan air mage

Illustrated notes

Levels and vault maps discovered:
D:1:      erik_arrival_triangle_huge, layout_basic
D:2:      layout_loops_ring, basic_altar, minmay_stone_trees_small,
          uniq_sigmund, uniq_jessica
D:3:      layout_basic, grunt_temple_overflow_diamond,
          shapermc_ecumenical_altar_mp_ritualfount, reono_crystal_passage,
          minmay_pentangle
D:4:      layout_rooms, zin_treasury, minmay_temple_entry_trees
D:5:      layout_loops_corners, nicolae_overflow_crystal_walls,
          kennysheep_cluttered_room, serial_bayou_lagoon_b
D:6:      layout_cave_pools, mainiacjoe_overflow_boulevard,
          vehumet_altar_wand_db, uniq_duvessa
D:7:      layout_loops_ring, serial_shops, nicolae_shop_crystal,
          nicolae_stop_n_shop_1
D:8:      layout_basic, grunt_temple_overflow_open, serial_shops, shop
D:9:      layout_basic, serial_shops, kennysheep_mini, minivault_11
D:10:     layout_roguey, mainiacjoe_overflow_alcove_2, erik_lair_orcish_takeover
D:11:     layout_loops_corners, erik_orc_4, grunt_decor_one_mirror,
          amcnicky_mini_rare_corridor_liquid, uniq_fannar, uniq_snorg
D:12:     layout_gridville, uniq_gastronok
D:13:     layout_cave_pools, ebering_ghost_xom, serial_shops,
          nicolae_shop_behind_doors
D:14:     layout_loops_ring, david_vaults_3
D:15:     grunt_enter_depths_hoard, layout_loops_corners,
          nicolae_ru_path_of_blood, uniq_kirke
Temple:   grunt_temple_mini_profane
Lair:1:   minmay_lair_venomous_thicket, layout_long_grid, portal_ice_cave_rime,
          grunt_megastairs_5
Lair:2:   layout_cave_pods, minmay_swamp_entry_worms,
          guppyfry_snake_entry_island, gammafunk_lair_bear_cave
Lair:3:   layout_gridlike, lemuel_fruit_tree, infiniplex_staircase_pool_2
Lair:4:   layout_cave_pods, slime_entry_1, minmay_holes, grunt_megastairs_2,
          infiniplex_staircase_pool
Lair:5:   due_jungle_book, layout_regular_city
Swamp:1:  layout_basic_swamp, evilmike_swamp_ruin_house_1, swamp_pool2,
          st_swamp_ruins_2, uniq_jorgrun
Swamp:2:  layout_basic_swamp, evilmike_swamp_ruin_house_3
Swamp:3:  layout_basic_swamp, hangedman_swamp_diagram, swamp_pool2
Swamp:4:  swamp_vile, layout_basic_swamp
Orc:1:    layout_caves, basic_altar, serial_shops, nicolae_diamond_shop
Orc:2:    grunt_orc_gardens, layout_caves, grunt_orc_garden, grunt_orc_garden,
          grunt_orc_garden, grunt_orc_garden

Skill      XL: |  1  2  3  4  5  6  7  8  9 10 11 12 13 14 15 16 |
---------------+-------------------------------------------------+-----
Axes           | 4 5 6 7 9 11 13 14 15 16 18 | 18.0
Fighting       | 4 5 6 7 8 9 11 12 13 15 | 15.1
Armour         | 4 5 6 7 8 10 | 10.2
Shields        | 4 5 6 7 8 10 11 13 16 | 16.1
Throwing       | 2 5 7 9 10 12 | 12.1
Evocations     | 2 4 5 6 7 8 |  8.1
Dodging        | 1 3 5 6 |  6.0
Polearms       | 4 7 |  7.8

Action                   |  1- 3 |  4- 6 |  7- 9 | 10-12 | 13-15 | 16-18 || total
-------------------------+-------+-------+-------+-------+-------+-------++-------
Melee: War axe           |    32 |    99 |   277 |   431 |  1092 |    41 ||  1972
       Headbutt          |     2 |    16 |    58 |    98 |   342 |    54 ||   570
       Unarmed           |     4 |     5 |       |       |       |       ||     9
       Spear             |       |       |       |    11 |    49 |       ||    60
       Trident           |       |       |       |       |    56 |   159 ||   215
Throw: Dart              |       |       |       |     9 |     5 |       ||    14
       Boomerang         |       |       |       |    12 |     4 |       ||    16
       Javelin           |       |       |       |       |     1 |       ||     1
Invok: Potion Petition   |       |       |     1 |     1 |     3 |       ||     5
Evoke: Wand              |       |       |       |    14 |    11 |       ||    25
       Lightning rod     |       |       |       |       |     4 |       ||     4
  Use: Potion            |       |     1 |     5 |     4 |    12 |       ||    22
       Scroll            |       |       |     8 |    11 |    11 |       ||    30
 Stab: Distracted        |       |       |     1 |     1 |    11 |     5 ||    18
       Invisible         |       |       |       |     4 |       |       ||     4
       Petrifying        |       |       |       |       |     7 |       ||     7
       Petrified         |       |       |       |       |     7 |       ||     7
Armor: Scale mail        |    17 |    37 |     6 |       |       |       ||    60
       Skin              |     4 |     6 |     2 |     6 |       |       ||    18
       Plate armour      |       |       |   212 |   278 |   575 |    94 ||  1159
Dodge: Dodged            |    13 |    49 |    87 |   110 |   183 |    37 ||   479
Block: Buckler           |     3 |    17 |    85 |    54 |       |       ||   159
       Tower shield      |       |       |       |   137 |  1174 |   189 ||  1500
       Reflection        |       |       |       |       |    36 |     1 ||    37
